Map: [ESL] Inside and Out

Players

Strange

  • Race: Protoss Protoss
  • Spawn Location: 1:00

Spirit - Winner!

  • Race: Terran Terran
  • Spawn Location: 7:00

Event: DreamHack SC2 Masters 2022 Atlanta (Online)

VOD

Have the link to the VOD?

Description

Time

  • Played on: Sept. 30, 2022, 12:12 p.m.
  • Length: 30:48

All games in this series

Show
View Real Time Build Order
Export as new Build Order

Strange Protoss 

Build Orders: Double Forge, Phoenix Opening, Colossus Rush 

Get SALT Encoding   

  12  0:00  Probe  
  13  0:12  Probe  
  14  0:16  Pylon  
  14  0:24  Probe (Chrono Boost)  
  16  0:36  Probe (Chrono Boost), Gateway  
  16  0:42  Probe (Chrono Boost)  
  16  0:45  Assimilator  
  17  0:51  Probe  
  18  1:03  Probe  
  19  1:15  Probe  
  20  1:22  Zealot (Chrono Boost)  
  22  1:28  Cybernetics Core, Probe  
  23  1:36  Pylon  
  23  1:57  Nexus  
  23  2:05  Stalker (Chrono Boost)  
  25  2:09  Probe  
  26  2:17  Warp Gate, Assimilator  
  26  2:21  Probe  
  25  2:33  Sentry, Probe  
  28  2:37  Pylon  
  28  2:45  Probe  
  29  2:58  Probe (Chrono Boost)  
  30  3:00  Shield Battery  
  30  3:08  Phoenix, Robotics Facility  
  30  3:09  Probe (Chrono Boost)  
  32  3:16  Probe (Chrono Boost)  
  32  3:18  Probe (Chrono Boost)  
  33  3:21  Gateway  
  33  3:23  Probe (Chrono Boost)  
  33  3:24  Probe (Chrono Boost)  
  37  3:35  Probe (Chrono Boost)  
  37  3:39  Probe (Chrono Boost)  
  37  3:40  Probe (Chrono Boost)  
  37  3:44  Forge  
  37  3:45  Forge  
  37  3:46  Probe  
  39  3:49  Probe  
  40  3:58  Observer, Probe  
  40  4:02  Probe  
  43  4:05  Assimilator  
  43  4:06  Assimilator  
  43  4:07  Stalker  
  45  4:10  Probe  
  45  4:14  Probe  
  45  4:16  Protoss Ground Weapons Level 1 (Chrono Boost), Protoss Ground Armor Level 1 (Chrono Boost)  
  47  4:17  Pylon  
  47  4:19  Observer  
  47  4:22  Probe  
  49  4:26  Probe  
  50  4:34  Probe  
  50  4:35  Pylon  
  51  4:40  Probe  
  51  4:41  Robotics Bay  
  51  4:42  Stalker  
  54  4:50  Observer  
  55  4:55  Pylon  
  55  5:08  Gateway  
  55  5:11  Gateway, Pylon  
  55  5:13  Stalker x2  
  58  5:35  Colossus (Chrono Boost)  
  58  5:36  Extended Thermal Lance  
  65  5:42  Probe  
  65  5:45  Probe  
  65  5:46  Twilight Council  
  66  5:54  Probe  
  67  6:11  Pylon  
  67  6:18  Nexus  
  67  6:21  Protoss Ground Armor Level 2 (Chrono Boost), Protoss Ground Weapons Level 2 (Chrono Boost)  
  67  6:22  Colossus (Chrono Boost)  
  73  6:27  Probe  
  74  6:33  Stalker  
  75  6:40  Charge  
  75  6:41  Probe  
  75  6:42  Pylon  
  75  6:47  Probe  
  75  6:52  Observer  
  75  6:53  Probe  
  76  6:56  Shield Battery  
  76  6:59  Probe  
  77  7:02  Zealot x3, Sentry  
  77  7:05  Probe  
  86  7:10  Colossus (Chrono Boost)  
  86  7:11  Observer, Probe  
  92  7:18  Probe  
  93  7:23  Probe  
  94  7:30  Gateway, Probe  
  94  7:32  Gateway  
  94  7:35  Probe  
  96  7:38  Probe  
  96  7:42  Probe  
  98  7:44  Pylon  
  98  7:45  Photon Cannon  
  98  7:47  Probe  
  98  7:48  Templar Archives  
  98  7:50  Probe  
  100  7:57  Probe  
  98  7:59  Probe  
  98  8:02  Probe  
  98  8:04  Stalker x2  
  101  8:10  Probe  
  101  8:13  Probe  
  101  8:14  Probe  
  101  8:17  Zealot x2  
  107  8:22  Probe  
  107  8:25  Blink  
  107  8:26  Probe  
  104  8:31  Zealot x4  
  104  8:32  Probe  
  113  8:40  Probe x2  
  107  8:44  Protoss Ground Weapons Level 3 (Chrono Boost), Warp Prism (Chrono Boost)  
  107  8:47  Pylon  
  109  8:48  High Templar  
  109  8:49  High Templar  
  113  8:56  Archon  
  113  8:59  Probe, Assimilator  
  113  9:01  Assimilator  
  114  9:05  Protoss Ground Armor Level 3 (Chrono Boost)  
  114  9:08  Probe x2  
  116  9:11  Probe  
  116  9:15  Pylon  
  117  9:18  Gravitic Drive  
  117  9:20  Probe  
  118  9:26  Gateway x2  
  118  9:30  Pylon  
  118  9:32  Immortal (Chrono Boost)  
  120  9:42  Observer  
  120  9:52  Robotics Facility, Probe x3  
  123  9:54  Stalker x3  
  123  9:55  Stalker x3  
  123  9:58  Pylon  
  135  10:09  Nexus, Warp Prism (Chrono Boost)  
  135  10:13  Probe  
  135  10:14  Probe  
  139  10:19  Pylon  
  139  10:21  High Templar x2  
  139  10:25  Shield Battery  
  139  10:26  Archon  
  143  10:30  Pylon  
  143  10:34  Zealot x3  
  147  10:42  High Templar  
  147  10:43  Zealot, High Templar  
  147  10:47  Archon  
  151  10:52  Pylon  
  151  10:53  Observer  
  151  10:55  Zealot x3, Pylon  
  151  10:56  Zealot x2  
  160  11:08  Disruptor  
  160  11:10  Probe x3  
  160  11:11  Disruptor (Chrono Boost)  
  169  11:12  Photon Cannon  
  169  11:22  Probe x3  
  169  11:23  Probe, Pylon  
  173  11:34  Probe x3  
  173  11:35  Probe, Stalker x3  
  183  11:41  Disruptor (Chrono Boost), Protoss Shields Level 1 (Chrono Boost), Assimilator  
  183  11:43  Disruptor (Chrono Boost)  
  189  11:53  Zealot x4  
  194  11:58  High Templar x2  
  198  12:02  Archon  
  180  12:16  Zealot x2  
  180  12:17  Zealot x4  
  134  12:34  Stalker x2  
  136  12:38  Zealot x6  
  136  12:39  Colossus  
  136  12:40  Immortal  
  158  12:59  Zealot x3  
  158  13:00  Zealot x3  
  164  13:08  Stalker x2  
  160  13:21  Zealot x6  
  144  13:29  Colossus  
  144  13:32  Zealot x2  
  144  13:33  Probe x2  
  156  13:52  Zealot x6  
  156  13:53  Zealot x2  
  160  14:03  Probe x4  
  135  14:13  Stalker x8  
  135  14:15  Probe x4  
  144  14:24  Colossus  
  144  14:27  Probe x3  
  144  14:28  Probe  
  154  14:36  High Templar x4  
  154  14:37  Zealot x4  
  170  14:40  Archon x2  
  143  15:04  Stalker x2  
  143  15:06  Stalker x2  
  96  15:23  Stalker  
  97  15:32  Stalker x3  
  91  15:45  Observer  
  91  15:52  Stalker  
  91  15:55  Pylon  
  91  15:57  Colossus (Chrono Boost)  
  91  16:02  Zealot x3  
  102  16:18  Stalker x3  
  108  16:24  Zealot x2, Sentry  
  114  16:38  Nexus  
  114  16:51  Stalker x4  
  114  16:53  High Templar x2  
  126  16:57  Archon  
  98  17:17  Observer  
  88  18:12  Nexus, Pylon  
  88  18:14  Observer  
  88  18:16  Observer  
  87  19:39  Pylon  
  87  19:42  Pylon  
  87  19:45  Pylon  
  87  19:51  Pylon  
  87  19:54  Pylon  
  87  20:01  Cybernetics Core  
  87  20:10  Pylon  
  87  20:19  Observer  
  86  20:51  Nexus  
  86  20:55  Observer  
  86  20:58  Pylon  
  86  21:03  Zealot  
  88  21:04  Zealot  
  90  21:29  Stalker  
  92  21:33  Zealot  
  94  21:44  Observer  
  94  21:50  Observer  
  94  21:52  Zealot x2  
  88  22:14  Probe (Chrono Boost)  
  86  22:19  Probe (Chrono Boost)  
  87  22:23  Probe (Chrono Boost)  
  87  22:27  Probe (Chrono Boost)  
  84  22:37  Zealot, Probe  
  82  22:38  Probe  
  82  22:40  Shield Battery  
  85  22:47  Assimilator  
  85  22:49  Probe (Chrono Boost)  
  85  22:53  Probe (Chrono Boost)  
  84  23:04  Probe (Chrono Boost)  
  85  23:10  Probe (Chrono Boost)  
  85  23:11  Probe (Chrono Boost)  
  87  23:20  Probe (Chrono Boost)  
  87  23:22  Probe (Chrono Boost)  
  88  23:28  Probe (Chrono Boost)  
  88  23:29  Probe (Chrono Boost)  
  88  23:33  Probe (Chrono Boost)  
  90  23:36  Probe  
  91  23:45  Probe  
  92  23:48  Robotics Facility  
  92  23:50  Probe  
  93  23:57  Probe  
  93  24:00  Assimilator  
  93  24:02  Probe  
  95  24:09  Probe  
  93  24:14  Probe  
  93  24:21  Probe (Chrono Boost)  
  94  24:28  Zealot, Sentry  
  94  24:30  Probe (Chrono Boost)  
  99  24:33  Probe (Chrono Boost)  
  99  24:37  Observer  
  102  24:38  Pylon  
  103  24:51  Stalker x2  
  105  24:55  Zealot  
  105  24:59  Zealot  
  105  25:14  Zealot  
  105  25:18  Zealot x2  
  108  25:24  Stalker  
  104  25:35  Zealot  
  106  25:42  Sentry  
  106  25:43  Zealot  
  110  25:56  Zealot x2  
  56  26:05  Zealot  
  56  26:06  Zealot  
  44  26:17  Zealot  
  42  26:18  Zealot  
  38  26:26  Stalker  
  40  26:43  Zealot x3  
  44  26:48  Observer  
  44  26:53  Stalker  
  45  27:23  Zealot  
  45  27:24  Zealot x2  
  44  28:17  Zealot x4  
  44  28:18  Probe  
  53  28:30  Probe  
  52  28:38  Observer  
  52  28:39  Zealot  
  52  28:41  Zealot  
  56  28:47  Observer  
  56  29:06  Zealot x2  
  60  29:13  Zealot  
  56  29:33  Observer  
  56  29:40  Observer  
  28  30:26  Zealot x3  
  28  30:27  Zealot  
Show
View Real Time Build Order
Export as new Build Order

Spirit Terran - Winner!

Build Orders: Reaper Expand 

Get SALT Encoding   

  12  0:00  SCV  
  13  0:12  SCV  
  14  0:16  Supply Depot  
  14  0:24  SCV  
  15  0:38  SCV  
  15  0:40  Barracks  
  16  0:44  Refinery  
  16  0:50  SCV  
  17  1:02  SCV  
  18  1:06  Engineering Bay  
  18  1:14  SCV  
  19  1:27  Reaper  
  19  1:28  Orbital Command  
  20  1:47  Command Center  
  20  1:57  Bunker, SCV  
  21  2:02  Marine  
  22  2:09  Supply Depot  
  22  2:11  SCV  
  23  2:22  Barracks Reactor  
  23  2:31  SCV  
  23  2:32  Factory  
  24  2:40  Refinery  
  24  2:43  SCV  
  25  2:55  SCV  
  26  3:00  Orbital Command  
  25  3:07  SCV  
  26  3:13  Marine x2  
  26  3:16  Hellion, Starport  
  26  3:19  SCV  
  31  3:27  SCV  
  31  3:31  SCV, Marine x2  
  35  3:39  SCV  
  35  3:40  Widow Mine  
  38  3:43  SCV  
  38  3:47  Supply Depot  
  39  3:49  Marine x2  
  39  3:51  SCV  
  39  3:52  Barracks  
  39  3:53  Medivac  
  44  3:56  SCV  
  44  4:02  Supply Depot  
  45  4:03  SCV  
  45  4:07  Engineering Bay  
  45  4:09  SCV, Widow Mine  
  49  4:15  SCV  
  50  4:21  SCV  
  50  4:23  Barracks  
  51  4:25  Supply Depot  
  51  4:27  SCV, Starport Tech Lab  
  51  4:29  Marine x2  
  54  4:33  SCV, Factory Tech Lab  
  55  4:39  Missile Turret, Barracks Tech Lab  
  55  4:40  SCV  
  56  4:45  SCV  
  56  4:46  Marine  
  56  4:47  Raven  
  63  4:52  Siege Tank  
  63  4:53  Refinery  
  63  4:59  Bunker, Marine x2  
  65  5:03  Bunker  
  65  5:05  Marine  
  64  5:08  SCV  
  64  5:13  Marine  
  66  5:16  Supply Depot  
  66  5:17  SCV, Marine x2  
  66  5:20  SCV  
  70  5:22  Engineering Bay  
  70  5:26  Marine  
  69  5:29  SCV  
  70  5:37  SCV, Marine x2  
  70  5:40  Refinery, Stimpack  
  73  5:48  Terran Infantry Weapons Level 1  
  70  5:50  Terran Infantry Armor Level 1  
  70  5:53  Starport Reactor  
  70  5:55  Siege Tank, Marine  
  70  5:56  SCV x2  
  75  5:57  Command Center  
  75  6:00  Supply Depot  
  75  6:05  Supply Depot, Marine x3  
  75  6:07  Combat Shield  
  78  6:15  SCV, Marauder  
  82  6:18  SCV  
  82  6:23  Marauder, Marine  
  82  6:24  Supply Depot  
  85  6:27  SCV  
  85  6:28  Supply Depot  
  85  6:29  Medivac  
  85  6:31  Medivac  
  90  6:33  SCV  
  90  6:38  Marine  
  90  6:39  SCV, Marauder  
  95  6:40  Marine  
  95  6:46  Siege Tank  
  95  6:47  Marauder  
  99  6:57  SCV x2  
  101  7:01  Barracks  
  101  7:03  Barracks  
  101  7:07  Medivac  
  103  7:08  Medivac  
  103  7:09  SCV, Bunker  
  106  7:16  Orbital Command  
  106  7:18  SCV  
  106  7:19  Marauder, Marine  
  106  7:21  SCV  
  111  7:26  Armory  
  111  7:27  Supply Depot  
  111  7:30  SCV  
  111  7:33  SCV  
  111  7:36  Marauder, Marine  
  114  7:37  Medivac  
  114  7:40  Medivac  
  114  7:42  SCV  
  114  7:43  SCV  
  120  7:45  SCV  
  120  7:51  Refinery  
  121  7:54  SCV, Marauder  
  121  7:55  Barracks Reactor, Refinery, SCV  
  121  7:56  Barracks Tech Lab  
  125  8:03  Marine  
  125  8:05  SCV, Marine  
  127  8:06  Marauder  
  127  8:07  SCV, Medivac  
  127  8:08  SCV  
  127  8:10  Medivac  
  136  8:17  SCV  
  136  8:18  Ghost Academy  
  137  8:20  Marauder, Marine  
  137  8:23  Marine  
  141  8:29  Marauder  
  141  8:33  Supply Depot  
  133  8:34  Supply Depot  
  133  8:36  Marine  
  133  8:38  Marauder  
  133  8:39  Bunker  
  130  8:47  Marine  
  137  8:48  Liberator  
  137  8:49  Liberator  
  145  9:05  Supply Depot x3, Ghost  
  145  9:06  Ghost  
  145  9:09  Ghost  
  143  9:10  Marine x4  
  143  9:13  SCV x2  
  143  9:14  Command Center, SCV  
  150  9:20  Supply Depot  
  150  9:21  Terran Vehicle Weapons Level 1  
  150  9:25  Supply Depot, SCV  
  150  9:28  Terran Infantry Weapons Level 2  
  151  9:32  Marine  
  151  9:33  Marine  
  151  9:35  Marauder  
  151  9:38  Marine  
  155  9:40  Marine  
  155  9:41  Marauder  
  155  9:42  Terran Infantry Armor Level 2  
  155  9:44  SCV x2  
  160  9:47  Supply Depot  
  160  9:56  Siege Tank  
  160  9:57  Missile Turret  
  160  9:59  Marine  
  164  10:00  Marauder x2  
  164  10:06  Enhanced Shockwaves  
  167  10:07  Barracks  
  167  10:09  Barracks x2  
  167  10:15  Marauder, Marine  
  170  10:24  Medivac x2  
  170  10:25  Starport  
  170  10:26  Supply Depot  
  170  10:27  SCV x3  
  177  10:33  Marine  
  177  10:34  Marauder  
  180  10:37  Marine  
  180  10:39  SCV x3  
  180  10:41  Siege Tank, Marine  
  174  10:43  Marine  
  170  10:51  SCV  
  170  10:54  Viking x2  
  170  10:55  Refinery  
  170  10:56  Planetary Fortress  
  175  10:58  Refinery  
  175  10:59  Barracks Tech Lab  
  175  11:09  Sensor Tower  
  175  11:12  Missile Turret  
  175  11:13  Siege Tank  
  178  11:21  Barracks Tech Lab  
  178  11:22  Missile Turret, Barracks Tech Lab  
  178  11:23  Missile Turret  
  178  11:24  Viking  
  178  11:25  Missile Turret  
  180  11:30  Missile Turret  
  180  11:31  Command Center, Terran Vehicle Weapons Level 2, Sensor Tower  
  180  11:37  Starport Reactor  
  180  11:40  Marine  
  180  11:41  Marauder x2  
  180  11:44  Viking  
  188  11:47  Marauder x2, Marine  
  188  11:48  Marauder  
  191  11:55  Marine  
  191  11:56  Marauder  
  191  12:05  Viking  
  186  12:17  Marauder x5, Marine  
  186  12:21  Marine x3  
  173  12:24  Viking x3  
  173  12:26  Marauder  
  158  12:35  Viking, Marine  
  146  12:38  Marine x4  
  146  12:39  Marauder, Marine x3, Siege Tank  
  158  12:47  Marauder  
  160  12:52  Marine  
  160  12:54  Viking  
  160  12:56  Marauder x3, Marine  
  160  12:57  Marine x2  
  172  13:00  Marauder  
  173  13:10  Medivac x3  
  173  13:11  Siege Tank  
  173  13:13  Marine  
  173  13:15  Marine  
  151  13:31  SCV x2  
  154  13:34  Ghost x4  
  154  13:37  Ghost  
  152  13:43  SCV x2, Siege Tank  
  117  13:48  Orbital Command  
  155  13:49  Liberator  
  155  13:55  SCV x2  
  151  14:05  Ghost  
  151  14:07  SCV x2  
  129  14:11  Ghost  
  129  14:15  Siege Tank  
  129  14:16  Ghost  
  120  14:17  Marine  
  120  14:18  Marauder  
  120  14:19  SCV  
  120  14:20  Marauder, Marine  
  120  14:24  Marine  
  124  14:27  Marine  
  124  14:29  Orbital Command  
  124  14:30  Marauder  
  127  14:34  Marine  
  128  14:42  Marauder, Marine  
  127  14:46  Marine  
  127  14:48  Marine  
  127  14:49  Marauder x3  
  127  14:50  Marine  
  108  14:53  Marine  
  108  14:54  Marine  
  108  14:59  Marine  
  106  15:04  Marauder, Marine  
  100  15:10  Marauder, Marine  
  100  15:11  Marine  
  100  15:13  Marine  
  97  15:14  Marine  
  97  15:19  Marine  
  97  15:20  Marine  
  92  15:31  Medivac x2, Marine  
  96  15:51  Marine  
  96  15:55  Marine  
  91  15:57  Marine  
  91  15:58  Marauder  
  91  16:02  Marine  
  91  16:03  Marauder x2  
  92  16:06  Refinery  
  92  16:11  Marine  
  92  16:12  Marauder  
  92  16:17  Marauder, Marine  
  98  16:20  SCV x2  
  98  16:23  SCV  
  98  16:25  Refinery  
  101  16:27  Refinery  
  101  16:30  Widow Mine  
  101  16:32  SCV x2  
  105  16:36  SCV  
  106  16:44  SCV x2  
  106  16:45  Ghost  
  110  16:51  SCV, Widow Mine  
  113  16:55  Ghost  
  113  17:04  Marauder x3, Marine  
  113  17:05  Marine  
  104  17:16  Widow Mine  
  72  17:55  Bunker  
  70  17:58  Bunker  
  70  17:59  Bunker  
  70  18:01  Bunker  
  69  18:08  Missile Turret  
  69  18:38  Orbital Command  
  69  19:10  Starport Tech Lab  
  69  19:18  Supply Depot  
  69  19:26  Supply Depot  
  69  19:39  Refinery  
  69  19:42  Supply Depot  
  69  19:44  Refinery  
  69  20:05  Supply Depot  
  69  20:06  Supply Depot  
  69  20:07  Supply Depot x2  
  67  20:28  Banshee  
  67  20:29  SCV  
  71  20:40  Cloaking Field  
  71  20:53  SCV  
  70  21:04  Supply Depot  
  70  21:05  SCV  
  70  21:06  Supply Depot  
  71  21:14  Banshee  
  71  21:17  SCV  
  71  21:26  Widow Mine  
  71  21:29  SCV  
  71  21:31  Command Center  
  71  21:41  SCV  
  71  21:48  Supply Depot  
  71  21:53  SCV  
  71  22:06  SCV  
  70  22:13  Marine x3  
  73  22:18  SCV  
  73  22:22  Marine  
  75  22:30  SCV, Marine  
  75  22:33  Banshee  
  75  22:34  Widow Mine  
  77  22:42  SCV  
  78  22:44  Engineering Bay, Orbital Command  
  78  22:51  Barracks Tech Lab x2  
  78  22:54  SCV  
  79  23:03  Widow Mine  
  81  23:06  SCV  
  81  23:10  SCV  
  85  23:13  Marauder  
  85  23:14  Marauder  
  85  23:16  Banshee  
  86  23:26  Starport Reactor  
  86  23:27  Barracks Tech Lab  
  86  23:30  Barracks Reactor, SCV  
  88  23:34  Marauder  
  88  23:35  Marauder  
  88  23:36  SCV  
  88  23:37  Widow Mine  
  93  23:45  Marauder  
  93  23:48  SCV  
  96  23:55  Bunker, Marauder  
  96  23:57  Marauder  
  96  23:59  Barracks Tech Lab  
  98  24:04  SCV  
  98  24:06  Marine x2  
  102  24:14  SCV  
  102  24:16  SCV, Bunker  
  97  24:17  Marauder  
  97  24:18  Marine  
  97  24:20  Marauder  
  100  24:25  Marauder  
  100  24:26  SCV  
  100  24:29  Supply Depot  
  100  24:31  Supply Depot  
  103  24:32  Supply Depot, SCV  
  103  24:34  Widow Mine  
  103  24:36  Marauder  
  110  24:38  Marauder  
  110  24:42  Refinery  
  110  24:47  Refinery  
  110  24:50  Supply Depot  
  110  24:51  SCV x2  
  112  24:57  Marauder  
  112  24:58  Marauder, Marine  
  117  25:05  Widow Mine  
  117  25:06  SCV  
  118  25:19  Marine  
  118  25:20  Marauder x2  
  122  25:25  Marauder x2, Marine  
  122  25:26  SCV  
  125  25:31  Widow Mine  
  125  25:35  Supply Depot  
  125  25:37  Marine  
  125  25:41  Marauder x2  
  119  25:44  Marine  
  119  25:46  Marauder x2  
  119  25:55  Marine  
  92  26:02  Marine x3  
  77  26:07  Marine x2  
  61  26:13  Marine  
  46  26:20  Marine x3  
  48  26:31  Marine  
  48  26:32  Medivac  
  48  26:33  Medivac  
  51  26:41  Marauder  
  51  26:45  Marine  
  54  26:49  Marauder x2  
  54  26:52  Marine  
  62  27:08  Marine  
  62  27:11  Marine  
  62  27:13  Widow Mine  
  62  27:14  Marauder, Marine  
  68  27:24  Medivac  
  70  27:35  Widow Mine  
  70  27:41  Ghost Academy  
  70  27:45  Marine  
  70  27:46  Marauder  
  68  28:38  Ghost x4  
  68  28:39  Marine x2  
  65  28:57  Marine  
  65  29:01  Widow Mine  
  65  29:02  Orbital Command  
  68  29:07  Marauder  
  68  29:08  Marine  
  71  29:11  Refinery  
  66  29:31  Marine  
  66  29:41  Banshee  
  68  29:48  SCV  
  68  29:52  Marine  
  70  30:00  SCV  
Tags
 
Add a new tag
Caveats
  • Supply blocks, unpowered buildings, or Contaminate may cause inaccurate times.
  • Supply counts are checked every 10 seconds.